AoeStats
← GuLy San (10)

Arabia

507876491Analyzed
1v1 RM · 13d ago on Sep 20, 2026· 24m 44s· 2 players
Game mode
Random Map
Map size
Tiny (2 player)
Population
200
Speed
Normal
Resources
Standard
Victory
Conquest
Starting age
Dark Age
Ending age
Imperial Age
RankedLock teamsTeams togetherTeam positionsShared explorationLock speedFull tech treeHidden civsTurbo modeCheats
Victory
Defeat
🇺🇸 Japanese · United States
865
+16
🇦🇷 Huns · Argentina
867
-16
Forger1962
9:37 Loom
11:24 Feudal Age
15:59 Castle Age
14:48 Wheelbarrow
20:35 Scale Mail Armor
GuLy San (10)
0:26 Loom
10:48 Feudal Age
11:55 Double-Bit Axe
11:51 Horse Collar
22:31 Castle Age
22:34 Fletching
22:50 Crossbowman
24:59 Thumb Ring
Connection lost

Rejoining the realm…

Still unreachable

The connection could not be restored.

Session expired

The server has moved on; the page needs a fresh start.